 Dungeon Crawl Stone Soup version 0.30-a0-618-gd6c86c23d0 (webtiles) character file.

Game seed: 5070120293931147447

8435 bmack86 the Fighter (level 11, -3/102 HPs)
             Began as a Minotaur Fighter on Jan 9, 2023.
             Was an Elder of Okawaru.
             Slain by a two-headed ogre
             ... wielding a +0 giant spiked club
              (17 damage)
             ... on level 8 of the Dungeon.
             The game lasted 00:22:50 (8836 turns).

bmack86 the Fighter (Minotaur Fighter)              Turns: 8836, Time: 00:22:50

Health: -3/102     AC: 15    Str: 24    XL:     11   Next: 9%
Magic:  12/12      EV:  8    Int:  5    God:    Okawaru [****..]
Gold:   836        SH:  6    Dex: 11    Spells: 10/10 levels left

rFire   . . .      SeeInvis +    a - +0 war axe
rCold   + . .      Faith    .    c - +0 buckler
rNeg    . . .      Spirit   .    l - +0 chain mail
rPois   .          Reflect  .    (helmet restricted)
rElec   .          Harm     .    D - +0 cloak
rCorr   .          Rampage  .    o - +0 pair of gloves
Will    .....                    P - +0 pair of boots Stlth
                                 L - amulet of magic regeneration
HPRegen 0.37/turn                g - ring of see invisible
MPRegen 0.53/turn                n - ring of protection from cold

@: no status effects
A: horns 2, retaliatory headbutt
a: Renounce Religion, Heroism, Finesse


You were on level 8 of the Dungeon.
You worshipped Okawaru.
Okawaru was greatly pleased with you.
You visited 2 branches of the dungeon, and saw 10 of its levels.
You also visited: Ossuary.

You collected 836 gold pieces.

Inventory:

Hand Weapons
 a - a +0 war axe (weapon)
 H - a +1 spear of venom
Missiles
 h - 8 boomerangs
 k - 17 poisoned darts
 r - a throwing net
 R - 2 javelins
Armour
 b - a +0 scale mail
 c - a +0 buckler (worn)
 l - a +0 chain mail (worn)
 o - a +0 pair of gloves (worn)
 D - a +0 cloak (worn)
 P - a +0 pair of boots (worn)
Jewellery
 g - a ring of see invisible (left hand)
 n - a ring of protection from cold (right hand)
 y - a ring of flight
 L - an amulet of magic regeneration (around neck)
 M - an amulet of guardian spirit
Wands
 i - a wand of flame (41) (quivered)
 I - a wand of charming (6)
 N - a wand of mindburst (22)
 Q - a wand of acid (7)
Scrolls
 f - 7 scrolls of teleportation
 p - 2 scrolls of fog
 s - 9 scrolls of poison
 C - 2 scrolls of brand weapon {unknown}
 E - a scroll of butterflies {unknown}
 F - a scroll of silence
 G - 2 scrolls of noise
 J - a scroll of enchant armour {unknown}
 K - 2 scrolls of magic mapping
 O - 2 scrolls of enchant weapon {unknown}
 S - 4 scrolls of identify
 T - a scroll of fear {unknown}
Potions
 d - 4 potions of might
 e - 2 potions of heal wounds
 j - 4 potions of curing
 m - 4 potions of magic {unknown}
 q - a potion of ambrosia {unknown}
 t - 4 potions of mutation {unknown}
 u - 5 potions of lignification {unknown}
 v - 4 potions of attraction
 w - a potion of berserk rage {unknown}
 x - 3 potions of haste {unknown}
 z - a potion of degeneration {unknown}
 A - 2 potions of brilliance {unknown}
 B - a potion of resistance {unknown}


   Skills:
 * Level 11.4 Fighting
 * Level 11.1 Axes
 + Level 6.2 Throwing
 + Level 8.5 Armour
 + Level 8.5 Shields
 + Level 3.2 Invocations


You had 10 spell levels left.
You didn't know any spells.
Your spell library was empty.

Dungeon Overview and Level Annotations

Branches:
Dungeon (9/15)             Temple (1/1) D:4         Ossuary (visited)
   Lair: D:8-11         Orc: D:9-12

Altars:
Ashenzari
Cheibriados
Dithmenos
Elyvilon
Fedhas
Gozag
Hepliaklqana
Kikubaaqudgha
Makhleb
Nemelex Xobeh
Okawaru
Ru
Sif Muna
Trog
Uskayaw
Vehumet
Wu Jian
Xom
Yredelemnul
Zin
The Shining One

Shops:
D:6 :

Annotations:
D:8 1 runed translucent door, 2 transporters, lotum's ghost, novice NaFi


Innate Abilities, Weirdness & Mutations

You have a pair of horns on your head.
You reflexively headbutt those who attack you in melee.


Message History

Cleave: a) +0 war axe
Press: ? - help, Dir - move target Your weapon can't reach that far!
Okay, then.
Unknown command.
Unknown command.
You closely miss the steam dragon.
You are engulfed in a cloud of scalding steam.
The steam dragon breathes steam at you. The ball of steam hits you.
You slice the steam dragon!! Your headbutt misses the steam dragon.
The steam dragon is severely wounded.
You are engulfed in a cloud of scalding steam.
The steam dragon bites you but does no damage.
The steam dragon barely misses you.
You hit the steam dragon. You headbutt the steam dragon.
You kill the steam dragon!
Okawaru accepts your kill.
The steam dragon scales are intact enough to wear.
You are engulfed in a cloud of scalding steam.
You hit the wight but do no damage.
You are engulfed in a cloud of scalding steam.
A water moccasin comes into view.
The wight hits you with a +0 battleaxe of flaming!
The wight burns you.
The water moccasin hisses angrily.
You slash the wight!
The wight is severely damaged.
You block the wight's attack.
You slash the wight!
You destroy the wight!
Okawaru accepts your kill.
There is an open door, spattered with blood here.
Items here: ) [[ †.
The water moccasin barely misses you.
A wight comes into view. It is wielding a +1 long sword.
The two-headed ogre hits you with a +0 giant spiked club!!
* * * LOW HITPOINT WARNING * * *
The two-headed ogre hits you with a +0 giant club!
You die...

##.)#########.##..###
##.).###...###.##.....
#####...###.....##.##..##.
##......###.......#.##..###
##......##†))......#......##
#.......#††#.).....####...##
#........†###.....## #...##
#.......###.)#...######...##
##.....##..@.#####........##
##...##8.SO.# #.#####....
#####......'. #........##
#...'......#####..####.###
#...#....8## .##.........
### #....## .######.#..
#'.## .#####.#.# z## ...
#........ .D.. #######.#


You could see a two-headed ogre, a water moccasin and a wight (wandering).

Vanquished Creatures
  A two-headed ogre (D:8)
  The ghost of Strat the Trooper, a novice MeWn of Vehumet (D:7)
  The ghost of Cancer the Ruffian, a novice DrTm of Gozag (D:7)
  A kobold demonologist (D:8)
  Sigmund (D:6)
  4 steam dragons
  2 wyverns (D:8)
  9 yaks
  8 vampire mosquitoes
  2 water moccasins
  An acid dragon (D:8)
  2 black bears
  An orc warrior (D:8)
  An ice beast (D:3)
  3 ogres
  2 centaurs
  A kobold brigand (D:8)
  11 bullfrogs
  5 scorpions
  A wight (D:8)
  8 killer bees (D:9)
  3 howler monkeys
  A crimson imp (D:6)
  3 orc priests (D:7)
  A gnoll bouda (D:6)
  2 hounds (D:7)
  2 iguanas (D:5)
  3 orc wizards
  8 mummies (Ossuary)
  12 gnolls
  6 adders
  2 ufetubi
  A worm (D:2)
  A dart slug (D:3)
  16 orcs
  14 ball pythons
  8 endoplasms
  2 giant cockroaches
  4 hobgoblins
  6 jackals
  5 kobolds
  5 quokkas
  4 bats
  2 frilled lizards (D:2)
  A gnoll zombie (Ossuary)
  7 goblins
  2 hobgoblin zombies (Ossuary)
  2 kobold zombies (Ossuary)
  3 orc zombies (Ossuary)
  4 rats
196 creatures vanquished.

Vanquished Creatures (others)
  A goblin (D:3)
  6 withered plants
7 creatures vanquished.

Grand Total: 203 creatures vanquished

Notes
Turn   | Place    | Note
-------+----------+-------------------------------------------
     0 | D:1      | bmack86 the Minotaur Fighter began the quest for the Orb.
     0 | D:1      | Reached XP level 1. HP: 19/19 MP: 0/0
   174 | D:1      | Reached XP level 2. HP: 18/27 MP: 1/1
  1183 | D:2      | Reached XP level 3. HP: 33/33 MP: 2/2
  1297 | D:3      | Noticed an ice beast
  1305 | D:3      | Killed an ice beast
  1306 | D:3      | Reached skill level 1 in Throwing
  1306 | D:3      | Reached XP level 4. HP: 41/41 MP: 3/3
  1433 | D:3      | Found an ancient bone altar of Kikubaaqudgha.
  1508 | D:3      | Identified the +8 whip of Mistedag {flame, rPois Dex+4}
  1533 | D:3      | Reached XP level 5. HP: 47/47 MP: 4/4
  1547 | D:3      | Reached skill level 5 in Fighting
  1750 | D:3      | You fall into a shaft and drop 1 floor!
  1786 | D:4      | Noticed an ogre
  1790 | D:4      | Killed an ogre
  1791 | D:4      | Reached XP level 6. HP: 51/56 MP: 5/5
  1901 | D:4      | Found a sand-covered staircase.
  1914 | Ossuary  | Entered an ossuary
  2485 | D:3      | Found a white marble altar of Elyvilon.
  2857 | D:4      | Found a staircase to the Ecumenical Temple.
  2868 | Temple   | Entered the Ecumenical Temple
  3124 | D:4      | Reached skill level 5 in Axes
  3162 | D:4      | Reached XP level 7. HP: 51/62 MP: 6/6
  3378 | D:5      | Entered Level 5 of the Dungeon
  3479 | D:5      | Reached skill level 5 in Armour
  3479 | D:5      | Reached skill level 5 in Shields
  3530 | D:5      | Found a hide-covered altar of Uskayaw.
  3638 | D:5      | Found a sparkling altar of Nemelex Xobeh.
  3791 | D:5      | Identified the +5 hand axe of Fragile Peace {venom, Contam
                  | +Blink rElec}
  4396 | D:6      | Reached XP level 8. HP: 41/73 MP: 7/7
  4458 | D:6      | Noticed Sigmund
  4464 | D:6      | Killed Sigmund
  4465 | D:6      | Found Ufoizi's Book Shop.
  4741 | D:6      | HP: 3/74 [poisoned by a gnoll]
  4991 | D:6      | Found a basalt altar of Yredelemnul.
  5073 | D:6      | Found a burning altar of Makhleb.
  5074 | D:6      | Found a radiant altar of Vehumet.
  5414 | D:7      | Found a broken altar of Ashenzari.
  5420 | D:7      | Found a glowing golden altar of the Shining One.
  5493 | D:7      | Reached XP level 9. HP: 15/82 MP: 8/8
  5711 | D:7      | Found a runed translucent gate.
  5712 | D:7      | Found a runed translucent gate.
  5712 | D:7      | Found a runed translucent gate.
  6182 | D:7      | Found an iron altar of Okawaru.
  6192 | D:7      | Became a worshipper of Warmaster Okawaru
  6329 | D:7      | Noticed Strat's ghost (novice MeWn)
  6329 | D:7      | Noticed Cancer's ghost (novice DrTm)
  6354 | D:8      | Reached * piety under Okawaru
  6558 | D:8      | Found a shadowy altar of Dithmenos.
  6650 | D:8      | Found a runed translucent door.
  6652 | D:8      | Noticed a two-headed ogre
  6793 | D:8      | Found a transporter.
  6810 | D:8      | Noticed lotum's ghost (novice NaFi)
  6812 | D:8      | Noticed a thrashing horror
  6865 | D:8      | Found a transporter.
  6876 | D:8      | Noticed an ancient zyme
  6952 | D:8      | Found a runed translucent door.
  7043 | D:8      | Reached skill level 5 in Throwing
  7313 | D:8      | Noticed a kobold demonologist
  7392 | D:9      | Found a bloodstained altar of Trog.
  7392 | D:9      | Found a hazy altar of Hepliaklqana.
  7466 | D:9      | Reached ** piety under Okawaru
  7606 | D:9      | Reached skill level 10 in Fighting
  7606 | D:9      | Reached skill level 1 in Invocations
  7606 | D:9      | Reached XP level 10. HP: 42/93 MP: 9/9
  7991 | D:9      | Reached *** piety under Okawaru
  8172 | D:9      | Found a glowing silver altar of Zin.
  8251 | D:9      | Found an opulent altar of Gozag.
  8269 | D:9      | Reached skill level 10 in Axes
  8666 | D:7      | Killed Strat's ghost
  8668 | D:7      | Killed Cancer's ghost
  8668 | D:7      | Received a gift from Okawaru
  8777 | D:8      | Reached **** piety under Okawaru
  8784 | D:8      | Noticed a two-headed ogre
  8805 | D:8      | Killed a two-headed ogre
  8806 | D:8      | Reached XP level 11. HP: 69/102 MP: 12/12
  8836 | D:8      | Slain by a two-headed ogre

Illustrated notes

Levels and vault maps discovered:
D:1:      minmay_arrival_four_circles, layout_loops_cross
D:2:      layout_basic, kennysheep_another_room
D:3:      layout_loops_ring, amcnicky_altar_gilded, elyvilon_altar_4
D:4:      layout_loops_corners, temple_green, enter_ossuary_1, minmay_quantized
D:5:      layout_loops_ring, nemelex_spade_bored_becter,
          nicolae_uskayaw_dance_hall, kennysheep_generic_room_11
D:6:      layout_cave_pools, grunt_temple_overflow_lords_of_destruction,
          yredelemnul_altar_generic, serial_shops, nicolae_take_the_stairs,
          kennysheep_dice, uniq_sigmund
D:7:      layout_basic, lemuel_coloured_pillars_altar,
          overflow_temple_1_default, ashenzari_altar_1,
          gammafunk_ghost_cemetery, nrook_pool_corridor
D:8:      cheibrodos_histonic, layout_loops_ring,
          grunt_dithmenos_smoke_and_mirrors, gammafunk_ghost_abyssal_escape
D:9:      layout_roguey, old_standard_altar, zin_treasury,
          gammafunk_temple_overflow_pools
Temple:   hellmonk_temple_rainy

Skill      XL: |  1  2  3  4  5  6  7  8  9 10 |
---------------+-------------------------------+-----
Fighting       | 4 5 7 8 10 11 | 11.4
Axes           | 3 4 5 6 7 9 11 | 11.1
Armour         | 4 5 6 7 8 |  8.5
Throwing       | 1 2 3 4 5 6 |  6.2
Shields        | 4 5 6 7 8 |  8.5
Invocations    | 1 3 |  3.2

Action                   |  1- 3 |  4- 6 |  7- 9 | 10-12 || total
-------------------------+-------+-------+-------+-------++-------
Melee: War axe           |    64 |   106 |   238 |   100 ||   508
       Headbutt          |     6 |    15 |    41 |    25 ||    87
Throw: Boomerang         |     6 |       |       |       ||     6
       Dart              |     3 |       |       |       ||     3
Invok: Heroism           |       |       |       |     3 ||     3
Evoke: Wand              |       |       |     6 |       ||     6
  Use: Scroll            |     2 |     5 |     4 |       ||    11
       Potion            |       |       |     5 |     1 ||     6
Armor: Scale mail        |    21 |       |       |       ||    21
       Chain mail        |    15 |    67 |   212 |    76 ||   370
Dodge: Dodged            |    24 |    53 |   130 |    66 ||   273
Block: Buckler           |    11 |    31 |   105 |    35 ||   182

Table legend: (Time is in decaauts)
 A = Elapsed time spent in this place.
 B = Non-inter-level travel time spent in this place.
 C = Inter-level travel time spent in this place.
 D = Time resting spent in this place.
 E = Time spent auto-exploring this place.
 F = Levels seen in this place.
 G = Mean time per level.
                   A        B        C        D        E       F      G
               +--------+--------+--------+--------+--------+-----+--------+
         Total |   8927 |   8668 |    259 |    848 |   5076 |  11 |  811.5 |
       Dungeon |   8539 |   8280 |    259 |    682 |   5076 |   9 |  948.8 |
        Temple |     17 |     17 |      0 |      0 |      0 |   1 |   17.0 |
       Ossuary |    370 |    370 |      0 |    166 |      0 |   1 |  370.0 |
               +--------+--------+--------+--------+--------+-----+--------+

Top non-repeatable levels by time:
     D:7: 1349 daAuts
     D:9: 1230 daAuts
     D:4: 1138 daAuts
     D:5: 1009 daAuts
     D:6: 968 daAuts
     D:8: 929 daAuts
     D:2: 680 daAuts
     D:3: 628 daAuts
     D:1: 605 daAuts
 Ossuary: 370 daAuts
  Temple: 17 daAuts
